AoeStats
← CaptainBocca

Arena

508700030Analyzed
2v2 RM · 10d ago on Sep 23, 2026· 43m 19s· 4 players
Game mode
Random Map
Map size
Medium (4 player)
Population
200
Speed
Normal
Resources
Standard
Victory
Conquest
Starting age
Dark Age
Ending age
Imperial Age
RankedLock teamsTeams togetherTeam positionsShared explorationLock speedFull tech treeHidden civsTurbo modeCheats
Victory
Defeat
🇹🇷 Khmer · Türkiye
1054
+14
🇹🇷 Franks · Türkiye
1054
+14
🇺🇸 Britons · United States
1019
-37
🇨🇴 Mongols · Colombia
1000
-43
CaptainBocca
8:20 Loom
11:17 Feudal Age
11:48 Horse Collar
12:47 Wheelbarrow
21:09 Castle Age
19:32 Padded Archer Armor
22:16 Leather Archer Armor
23:05 Hand Cart
23:22 Crossbowman
25:35 Town Watch
28:54 Fletching
29:06 Scale Mail Armor
30:07 Ballistics
29:55 Double-Bit Axe
30:03 Gold Mining
34:57 Imperial Age
33:09 Bodkin Arrow
37:16 Arbalester
Jose Campos
8:18 Loom
11:15 Feudal Age
13:08 Horse Collar
14:32 Wheelbarrow
15:54 Double-Bit Axe
21:29 Castle Age
21:14 Gold Mining
21:21 Fletching
21:31 Padded Archer Armor
21:27 Arson
22:41 Stone Mining
26:04 Hand Cart
27:44 Gold Shaft Mining
30:40 Stone Shaft Mining
30:14 Heavy Plow
30:28 Bow Saw
34:13 Town Watch
34:31 Caravan
36:09 Squires
35:30 Man-at-Arms
35:30 Pikeman
37:10 Forging
37:00 Scale Mail Armor
36:58 Long Swordsman
hilalayweb
12:09 Feudal Age
15:36 Castle Age
14:09 Double-Bit Axe
14:07 Horse Collar
17:33 Bow Saw
18:47 Heavy Plow
18:58 Gold Mining
23:59 Gold Shaft Mining
26:28 Stone Mining
26:09 Pikeman
31:59 Imperial Age
29:56 Ballistics
30:05 Scale Mail Armor
30:15 Forging
31:15 Stone Shaft Mining
31:38 Scale Barding Armor
31:48 Chain Mail Armor
32:12 Iron Casting
32:57 Chain Barding Armor
33:43 Chemistry
32:30 Heavy Scorpion
33:24 Capped Ram
34:17 Siege Ram
hknylmz
0:27 Loom
10:22 Feudal Age
17:07 Castle Age
15:18 Double-Bit Axe
16:49 Loom
18:45 Bow Saw
22:08 Wheelbarrow
21:36 Light Cavalry
22:18 Husbandry
24:47 Gold Mining
25:25 Scale Barding Armor
26:53 Hand Cart
31:59 Imperial Age
32:01 Gold Shaft Mining
31:54 Chain Barding Armor
31:45 Forging
34:37 Chemistry
33:09 Cavalier
36:10 Plate Barding Armor
36:11 Iron Casting
36:02 Paladin
40:33 Blast Furnace
43:05 Masonry
43:06 Careening
43:08 Fortified Wall
Connection lost

Rejoining the realm…

Still unreachable

The connection could not be restored.

Session expired

The server has moved on; the page needs a fresh start.